 Dungeon Crawl Stone Soup version 0.31.0-32-g396128a36d (webtiles) character file.

Game seed: 11992235954996540848

43540 Dvallin the Brawler (level 13, -1/106 HPs)
             Began as a Purple Draconian Shapeshifter on Apr 1, 2024.
             Was a High Priest of Ru.
             Slain by an orc knight
             ... wielding a +3 war axe
              (22 damage)
             ... on level 2 of the Orcish Mines.
             The game lasted 00:43:34 (19027 turns).

Dvallin the Brawler (DrSh)                         Turns: 19027, Time: 00:43:35

Health: -1/106     AC: 10    Str: 18    XL:     13   Next: 91%
Magic:  13/13      EV: 17    Int: 10    God:    Ru [*****.]
Gold:   2281       SH:  0    Dex: 15    Spells: 12/12 levels left

rFire   + .          .
                       - Unarmed
rCold   + . .        (shield unavailable)
rNeg    . . .        (body armour unavailable)
rPois   .            (helmet restricted)
rElec   +            U - scarf {rC+ rF+}
rCorr   .            K - +0 pair of gloves
SInv    .            e - +0 pair of boots of Generosity {rElec}
Will    +....        V - amulet of faith
Stlth   +++          (ring unavailable)
HPRegen 0.37/turn    s - ring of willpower
MPRegen 0.13/turn

%: faith
@: maw-form
A: devouring maw, breathe power, AC +8, unfitting armour, frail 1, cold-blooded,
missing a hand, weak-willed 1
a: Breathe Dispelling Energy, Begin Untransformation, Renounce Religion, Draw
Out Power, Power Leap, Apocalypse


You were on level 2 of the Orcish Mines.
You worshipped Ru.
Ru was extremely pleased with you.
You were a creature with a mouth for a stomach.
You visited 4 branches of the dungeon, and saw 20 of its levels.
You also visited: Sewer, Ossuary and Bailey.

You collected 2729 gold pieces.
You spent 448 gold pieces at shops.

Inventory:

Missiles
 F - 4 throwing nets (quivered)
Armour
 e - the +0 pair of boots of Generosity (worn) {rElec}
   (You found it on level 4 of the Lair of Beasts)

   rElec:     It insulates you from electricity.
 u - a +0 barding
 v - a +0 buckler
 K - a +0 pair of gloves (worn)
 U - a scarf of resistance (worn)
Jewellery
 r - an amulet of reflection
 s - a ring of willpower (right hand)
 y - a ring of positive energy
 E - a ring of wizardry
 S - an amulet of regeneration
 V - an amulet of faith (around neck)
 Y - an amulet of guardian spirit
Talismans
 p - a serpent talisman
 H - a maw talisman (active)
Wands
 b - a wand of charming (6)
 I - a wand of roots (16)
 O - a wand of flame (35)
 R - a wand of polymorph (10)
 T - a wand of quicksilver (4)
Scrolls
 i - 3 scrolls of blinking
 j - 3 scrolls of noise
 l - 2 scrolls of immolation {unknown}
 m - 4 scrolls of enchant armour {unknown}
 t - 2 scrolls of poison {unknown}
 x - 3 scrolls of fog {unknown}
 B - 8 scrolls of identify
 D - 3 scrolls of enchant weapon {unknown}
 G - 7 scrolls of fear {unknown}
 J - 3 scrolls of torment {unknown}
 L - 3 scrolls of vulnerability {unknown}
 N - 3 scrolls of revelation
 P - 3 scrolls of amnesia {unknown}
 Q - 8 scrolls of teleportation {unknown}
Potions
 a - 2 potions of lignification
 d - 2 potions of cancellation {unknown}
 f - 2 potions of berserk rage
 g - 13 potions of curing {unknown}
 h - 3 potions of brilliance
 k - 7 potions of haste
 n - 2 potions of degeneration {unknown}
 o - 3 potions of invisibility
 q - 2 potions of magic
 w - 2 potions of enlightenment
 z - 3 potions of mutation
 A - a potion of attraction
 C - 4 potions of might
 M - a potion of resistance {unknown}
 X - a potion of ambrosia {unknown}


   Skills:
 + Level 12.1 Fighting
 - Level 10.0 Dodging
 + Level 4.9 Stealth
 * Level 15.7 Unarmed Combat
 - Level 10.0 Shapeshifting


You had 12 spell levels left.
You didn't know any spells.
Your spell library contained the following spells:

 Spells                   Type           Power      Damage    Failure   Level
 Shock                    Conj/Air       0%         1d3       36%         1
 Lesser Beckoning         Tloc           0%         N/A       50%         2
 Gell's Gravitas          Tloc           0%         N/A       75%         3
 Hailstorm                Conj/Ice       0%         3d5       75%         3
 Summon Ice Beast         Ice/Summ       0%         N/A       75%         3
 Swiftness                Air            0%         N/A       75%         3
 Teleport Other           Tloc           0%         N/A       75%         3
 Tukima's Dance           Hex            0%         N/A       75%         3
 Airstrike                Air            0%         2d(0-16)  98%         4
 Passage of Golubria      Tloc           0%         N/A       98%         4
 Yara's Violent Unravell  Hex/Alch       0%         3d3       100%        5
 Dispersal                Tloc           0%         N/A       100%        6
 Sculpt Simulacrum        Ice/Alch       0%         N/A       100%        6


Dungeon Overview and Level Annotations

Branches:
Dungeon (12/15)            Temple (1/1) D:7            Lair (5/5) D:11
 Shoals (0/4) Lair:2        Snake (0/4) Lair:3        Slime (0/5) Lair:4
    Orc (2/2) D:11          Sewer (visited)         Ossuary (visited)
 Bailey (visited)
    Elf: Orc:2

Altars:
Ashenzari
Cheibriados
Dithmenos
Elyvilon
Fedhas
Gozag
Hepliaklqana
Kikubaaqudgha
Makhleb
Nemelex Xobeh
Okawaru
Qazlal
Ru
Sif Muna
Trog
Uskayaw
Vehumet
Wu Jian
Xom
Yredelemnul
Zin
The Shining One
Jiyva

Shops:
D:7 (   D:8 :   D:9 *   Orc:1 (   Orc:2 *!

Annotations:
Lair:3 exclusion: oklob plant


Innate Abilities, Weirdness & Mutations

You are a creature with a mouth for a stomach.
Your midsection houses a second, enormous mouth.
You can breathe bolts of dispelling energy.
Your rich purple scales are hard. (AC +8)
You cannot fit into any form of body armour.
You are frail. (-10% HP)
You are cold-blooded and may be slowed by cold attacks.
You are missing a hand.
You are slightly weak-willed. (Will-)


Message History

The orc knight is moderately wounded.
The orc knight no longer looks unusually strong.
The orc knight closely misses you.
You punch the orc knight!
You bite the orc knight, but do no damage.
The orc knight is moderately wounded.
The orc knight hits you with a +3 war axe!
You hit the orc knight but do no damage.
Your bite misses the orc knight.
The orc knight is moderately wounded.
You pummel the orc knight!!
You bite the orc knight, but do no damage.
The orc knight is heavily wounded.
The orc warrior no longer looks unusually strong.
The orc knight hits you with a +3 war axe.
You punch the orc knight! You tail-slap the orc knight.
Your bite misses the orc knight.
The orc knight is almost dead.
You redirect the orc knight's attack!
The orc knight hits you with a +3 war axe!
* * * LOW HITPOINT WARNING * * *
You hit the orc knight but do no damage.
You tail-slap the orc knight, but do no damage.
The orc knight is almost dead.
The orc knight roars a battlecry!
You hit the orc knight but do no damage.
You tail-slap the orc knight. Your bite misses the orc knight.
The orc knight is almost dead.
Unknown command.
You hit the orc knight.
You bite the orc knight, but do no damage.
The orc knight is almost dead.
The orc knight hits you with a +3 war axe!
* * * LOW HITPOINT WARNING * * *
The orc warrior completely misses you.
You hit the orc knight but do no damage.
Your bite misses the orc knight.
The orc knight is almost dead.
The orc knight hits you with a +3 war axe!!
You die...

##.#..o#.## ##.........##
##..o# #oo.## ### ##...##
##ยง).## ##.### ##..o##
##...## #...<###..o##
##...# ##..###.#.## ##.#.
#..###..o## ##).
#[[[###.#W## ##o#.
#....###o.)## ##)..#
####[.).###...## ##...##
##..#.##..###...## ##...##
#.....###..###...## ##...##
##....# ##..###...###...##
#...######..##)...#....#
##......###[.#[#.....#.#
##........###[[[..........#
#


You could see an orc knight and an orc warrior (strong).

Vanquished Creatures
  Rupert (Orc:2)
  An ettin (Orc:1)
  4 hydras
  Erica (D:10)
  5 death yaks (Lair:1)
  3 two-headed ogres
  An orc high priest (Orc:2)
  A skyshark (Lair:2)
  Lodul (D:10)
  Pikel (D:6)
  2 orc knights (Orc:2)
  2 orc sorcerers (Orc:2)
  Joseph (D:10)
  A smoke demon (Orc:2)
  6 black mambas
  A torpor snail (Lair:4)
  8 cane toads
  Maggie (D:9)
  5 rime drakes
  4 komodo dragons
  A troll (D:9)
  A polar bear (Lair:2)
  2 red devils (Orc:2)
  3 merfolk (Lair:2)
  2 hornets
  7 blink frogs
  2 vampires
  2 wraiths (D:11)
  Sigmund (D:2)
  A shadow (D:11)
  4 wyverns
  30 yaks
  A warg (D:11)
  3 basilisks
  5 vampire mosquitoes
  A steam dragon (D:10)
  A chaos spawn (Orc:2)
  An acid dragon (D:8)
  20 water moccasins
  8 black bears
  An ice beast (D:5)
  25 orc warriors
  7 centaurs
  10 wolves (Lair:2)
  12 ogres
  2 phantoms (D:5)
  12 kobold brigands
  11 bullfrogs
  12 scorpions
  26 killer bees
  2 howler monkeys (D:10)
  3 centaur zombies (Ossuary)
  A jelly (D:6)
  A bombardier beetle (D:3)
  5 hounds
  A human zombie (Ossuary)
  24 orc priests
  An iguana (D:6)
  Natasha (twice) (D:2)
  11 orc wizards
  5 scorpion zombies (Ossuary)
  3 mummies (Ossuary)
  8 adders
  7 gnolls
  2 river rats (D:6)
  2 white imps
  An adder zombie (Ossuary)
  5 dart slugs
  A ribbon worm (D:6)
  37 orcs
  6 ball pythons
  13 endoplasms
  A giant cockroach (D:3)
  14 goblins
  9 hobgoblins
  5 jackals
  37 kobolds
  2 quokkas (D:1)
  2 ball python zombies (Ossuary)
  3 bats
  2 frilled lizards
  2 gnoll zombies (Ossuary)
  3 jackal zombies (Ossuary)
  6 orc zombies (Ossuary)
  9 rats
500 creatures vanquished.

Vanquished Creatures (others)
  A blink frog (Lair:4)
  A yak (D:11)
  A killer bee (D:8)
  An orc priest (Orc:2)
  An ufetubus (D:5)
  3 kobolds
8 creatures vanquished.

Grand Total: 508 creatures vanquished

Notes
Turn   | Place    | Note
-------+----------+-------------------------------------------
     0 | D:1      | Dvallin the Draconian Shapeshifter began the quest for the
                  | Orb.
     0 | D:1      | Reached XP level 1. HP: 16/16 MP: 1/1
   328 | D:1      | Reached XP level 2. HP: 14/23 MP: 2/2
   866 | D:2      | Noticed an ogre
   875 | D:2      | Killed an ogre
   876 | D:2      | Reached skill level 5 in Shapeshifting
   876 | D:2      | Reached XP level 3. HP: 22/28 MP: 3/3
   876 | D:2      | Reached XP level 4. HP: 28/35 MP: 4/4
   893 | D:2      | Noticed Natasha
   938 | D:2      | Killed Natasha
  1095 | D:2      | Noticed Natasha
  1101 | D:2      | Killed Natasha
  1102 | D:2      | Reached XP level 5. HP: 27/40 MP: 3/5
  1446 | D:2      | Noticed Sigmund
  1452 | D:2      | Killed Sigmund
  1453 | D:2      | Reached XP level 6. HP: 45/47 MP: 6/6
  1905 | D:3      | Found a stormy altar of Qazlal.
  1918 | D:3      | Found a white marble altar of Elyvilon.
  3058 | D:4      | Reached skill level 4 in Unarmed Combat
  3303 | D:4      | Your scales start taking on a rich purple colour.
  3303 | D:4      | Reached XP level 7. HP: 48/52 MP: 7/7
  3451 | D:5      | Entered Level 5 of the Dungeon
  3454 | D:5      | Found a bloodstained altar of Trog.
  3548 | D:5      | Found a shimmering blue altar of Sif Muna.
  3587 | D:5      | Found a sand-covered staircase.
  3597 | Ossuary  | Entered an ossuary
  3612 | Ossuary  | Reached skill level 5 in Unarmed Combat
  3768 | Ossuary  | Reached skill level 6 in Unarmed Combat
  3918 | Ossuary  | Reached XP level 8. HP: 61/61 MP: 8/8
  4193 | D:5      | Reached skill level 7 in Unarmed Combat
  4675 | D:5      | Found an ancient bone altar of Kikubaaqudgha.
  4677 | D:5      | Found a broken altar of Ashenzari.
  4678 | D:5      | Found a sacrificial altar of Ru.
  4679 | D:5      | Found a hazy altar of Hepliaklqana.
  4679 | D:5      | Found a shadowy altar of Dithmenos.
  4680 | D:5      | Found a glowing silver altar of Zin.
  4683 | D:5      | Became a worshipper of Ru the Awakened
  4722 | D:5      | Found a hide-covered altar of Uskayaw.
  4722 | D:5      | Noticed a +0 hand axe
  4722 | D:5      | Noticed a +0 hand axe
  4815 | D:5      | Reached skill level 8 in Unarmed Combat
  4815 | D:5      | Reached XP level 9. HP: 69/71 MP: 7/9
  4919 | D:5      | Paralysed by a hornet for 2 turns
  5439 | D:6      | Found a glowing drain.
  5460 | Sewer    | Entered a sewer
  5834 | D:6      | Noticed Pikel
  5847 | D:6      | Killed Pikel
  5848 | D:6      | Reached skill level 5 in Fighting
  5960 | D:6      | Gained mutation: You are frail. (-10% HP) [Ru sacrifice]
  5960 | D:6      | Reached * piety under Ru
  6310 | D:6      | Found a burning altar of Makhleb.
  6458 | D:7      | Found a staircase to the Ecumenical Temple.
  6491 | Temple   | Entered the Ecumenical Temple
  6560 | D:7      | Found an iron altar of Okawaru.
  6692 | D:7      | Found a sparkling altar of Nemelex Xobeh.
  6724 | D:7      | Found Roekexo's Weapon Emporium.
  7299 | D:7      | Reached skill level 5 in Dodging
  7303 | D:7      | Reached XP level 10. HP: 15/74 MP: 4/10
  7586 | D:8      | Found a blossoming altar of Fedhas.
  7983 | D:8      | Found Suoschoatt's Book Emporium.
  7994 | D:8      | Reached skill level 9 in Unarmed Combat
  8463 | D:8      | Gained mutation: You are missing a hand. [Ru sacrifice]
  8463 | D:8      | Reached ** piety under Ru
  8463 | D:8      | Reached *** piety under Ru
  8463 | D:8      | Reached **** piety under Ru
  8853 | D:9      | Found a radiant altar of Vehumet.
  8878 | D:9      | Found a flagged portal.
  8891 | Bailey   | Entered a bailey
  8979 | Bailey   | Found an iron altar of Okawaru.
  9146 | D:9      | Reached skill level 10 in Shapeshifting
  9345 | D:9      | Found Nufuggio's Neck Hole.
  9420 | D:9      | Noticed a two-headed ogre
  9428 | D:9      | Killed a two-headed ogre
  9786 | D:9      | Noticed Maggie
  9795 | D:9      | Killed Maggie
  9796 | D:9      | Reached skill level 10 in Unarmed Combat
  9879 | D:10     | Entered Level 10 of the Dungeon
  9996 | D:10     | Gained mutation: You are slightly weak-willed. (Will-) [Ru
                  | sacrifice]
  9996 | D:10     | Reached ***** piety under Ru
 10020 | D:10     | Noticed Joseph
 10031 | D:10     | Killed Joseph
 10032 | D:10     | Reached XP level 11. HP: 44/82 MP: 11/11
 10164 | D:10     | Noticed Lodul
 10178 | D:10     | Killed Lodul
 10284 | D:10     | Noticed Erica
 10311 | D:10     | Killed Erica
 10312 | D:10     | Reached skill level 11 in Unarmed Combat
 10921 | D:11     | Found a staircase to the Orcish Mines.
 11186 | D:11     | Noticed a two-headed ogre
 11195 | D:11     | Killed a two-headed ogre
 11254 | D:11     | Reached skill level 12 in Unarmed Combat
 11304 | D:11     | Found a stormy altar of Qazlal.
 11409 | D:11     | Noticed a two-headed ogre
 11415 | D:11     | Killed a two-headed ogre
 11795 | D:11     | Found a staircase to the Lair.
 11828 | Lair:1   | Entered Level 1 of the Lair of Beasts
 11870 | Lair:1   | Reached XP level 12. HP: 93/93 MP: 12/12
 12398 | Lair:1   | Identified the +2 hand axe of Eternal Harmony {flame, Dex+4
                  | Stlth+}
 12899 | Lair:2   | Reached skill level 13 in Unarmed Combat
 12914 | Lair:2   | Reached skill level 10 in Fighting
 12980 | Lair:2   | Found a staircase to the Shoals.
 13200 | Lair:2   | Noticed an eight-headed hydra
 13298 | Lair:2   | Noticed a death yak
 13302 | Lair:2   | Noticed a death yak
 13311 | Lair:1   | Killed a death yak
 13327 | Lair:2   | Noticed a death yak
 13327 | Lair:2   | Noticed a death yak
 13331 | Lair:2   | Noticed a death yak
 13477 | Lair:1   | Killed a death yak
 13485 | Lair:1   | Killed a death yak
 13554 | Lair:1   | Killed a death yak
 13564 | Lair:1   | Killed a death yak
 13615 | Lair:2   | Reached skill level 14 in Unarmed Combat
 13661 | Lair:2   | Noticed an eight-headed hydra
 13680 | Lair:1   | Killed an eight-headed hydra
 13907 | Lair:2   | Killed an eight-headed hydra
 14146 | Lair:3   | Reached XP level 13. HP: 103/103 MP: 13/13
 14189 | Lair:3   | Found a staircase to the Snake Pit.
 14201 | Lair:3   | Reached skill level 1 in Stealth
 15617 | Lair:4   | Identified the +0 pair of boots of Generosity {rElec}
 16130 | Lair:4   | Reached skill level 15 in Unarmed Combat
 16378 | Lair:4   | Found a staircase to the Slime Pits.
 16378 | Lair:4   | Found a viscous altar of Jiyva.
 16804 | Lair:5   | Entered Level 5 of the Lair of Beasts
 16953 | Orc:1    | Entered Level 1 of the Orcish Mines
 17080 | D:11     | Reached skill level 10 in Dodging
 17209 | Orc:1    | Noticed an ettin
 17215 | Orc:1    | Killed an ettin
 17317 | Orc:1    | Found Doyrpheo's Antique Weapon Emporium.
 17589 | Orc:2    | Entered Level 2 of the Orcish Mines
 17656 | Orc:2    | Noticed Rupert
 17681 | Orc:2    | Killed Rupert
 18012 | D:9      | Bought a scarf of resistance for 448 gold pieces
 18158 | Orc:2    | Found Tataec's General Store.
 18161 | Orc:2    | Found Heesaim's Distillery.
 19027 | Orc:2    | Slain by an orc knight

Illustrated notes

Levels and vault maps discovered:
D:1:      dreamdust_arrival_sigmund_warning, layout_basic, minivault_26,
          minmay_misc_feat_columns
D:2:      layout_basic, moated_statue, uniq_sigmund, uniq_natasha
D:3:      layout_loops_cross, nicolae_overflow_squiral
D:4:      layout_cave_pods
D:5:      cheibrodos_fzero, layout_loops_ring, dancing_weapons_uskayaw,
          led_sif_pool, grunt_temple_overflow_open, trog_ov_bears_minmay,
          lightli_ossuary_entry_decrepit_ruins
D:6:      layout_cave_pools, makhleb_blood_cavern_becter, portal_sewer_entry_b,
          uniq_pikel
D:7:      layout_gridville, kennysheep_okawaru_gauntlet,
          mainiacjoe_overflow_alcove_4, minmay_temple_entry_purple_smoke,
          serial_shops, kennysheep_mini_moat
D:8:      layout_loops_corners, mainiacjoe_overflow_chevrons, serial_shops,
          nicolae_shop_rolling_square, grunt_decor_resistance
D:9:      layout_irregular_city, mainiacjoe_overflow_brackets, enter_bailey_5,
          minmay_door_square, nicolae_shop_sticking_my_neck_out, uniq_maggie
D:10:     layout_stronghold, uniq_erica, uniq_lodul, uniq_joseph
D:11:     layout_roguey, david_orc_3, nicolae_qazlal_general_emergency
D:12:     layout_long_grid, minmay_alternating_orb
Temple:   hellmonk_temple_beads
Lair:1:   layout_regular_city, serial_forest, infiniplex_forest_lined_2,
          infiniplex_forest_clump_long, infiniplex_forest_clump_tiny,
          infiniplex_forest_lined_2, infiniplex_forest_lined_1
Lair:2:   layout_cave_shapes, mainiacjoe_shoals_entry_four_pools
Lair:3:   layout_chaotic_city, minmay_snake_entry_six_corridors,
          beast_lair_carwin_7
Lair:4:   layout_layer_cave, slime_entry_1
Lair:5:   evilmike_catoblepas_cave, layout_small_grid, grunt_megastairs_1
Orc:1:    layout_diamond_mine, serial_shops, shop
Orc:2:    pf_orc_diabolical, layout_caves, nicolae_shop_self_help, uniq_rupert

Skill      XL: |  1  2  3  4  5  6  7  8  9 10 11 12 13 |
---------------+----------------------------------------+-----
Shapeshifting  | 5 6 7 9 10 | 10.0
Unarmed Combat | 4 6 8 10 12 14 15 | 15.7
Dodging        | 2 3 5 6 8 9 10 | 10.0
Fighting       | 4 5 7 9 10 12 | 12.1
Stealth        | 4 |  4.9

Action                     |  1- 3 |  4- 6 |  7- 9 | 10-12 | 13-15 || total
---------------------------+-------+-------+-------+-------+-------++-------
  Melee: Unarmed           |    75 |   189 |   380 |   618 |   355 ||  1617
         Tailslap          |     7 |    21 |    68 |     6 |    27 ||   129
         Constrict         |       |       |       |   129 |    46 ||   175
         Maw               |       |       |       |       |    43 ||    43
 Invoke: Sacrifice Health  |       |       |     1 |       |       ||     1
         Sacrifice Essence |       |       |       |     1 |       ||     1
         Sacrifice a Hand  |       |       |       |     1 |       ||     1
         Reject Sacrifices |       |       |       |     1 |     1 ||     2
         Power Leap        |       |       |       |     2 |       ||     2
         Draw Out Power    |       |       |       |       |     1 ||     1
Ability: Breathe Dispellin |       |       |     2 |       |       ||     2
    Use: Scroll            |       |       |    13 |     3 |     1 ||    17
         Potion            |       |       |     2 |       |     1 ||     3
   Stab: Invisible         |       |       |       |     8 |     5 ||    13
         Sleeping          |       |       |       |     2 |     6 ||     8
         Paralysed         |       |       |       |     5 |    12 ||    17
         Distracted        |       |       |       |     1 |     3 ||     4
 Armour: Skin              |    24 |    91 |   246 |   432 |   177 ||   970
  Dodge: Dodged            |    54 |   161 |   499 |   372 |   174 ||  1260
   Form: Flux              |     1 |       |       |       |       ||     1
         Serpent           |       |       |       |     1 |       ||     1
         Maw               |       |       |       |       |     1 ||     1
